 Dungeon Crawl Stone Soup version 0.22-a0-538-g76cc104 (webtiles) character file.

36 iamserjio the Skirmisher (level 3, -1/30 HPs)
             Began as a Formicid Abyssal Knight on June 23, 2018.
             Was a Follower of Lugonu.
             Succumbed to a goblin's poison
             ... on level 2 of the Dungeon.
             The game lasted 00:03:31 (1113 turns).

iamserjio the Skirmisher (Formicid Abyssal Knight)  Turns: 1113, Time: 00:03:31

Health: -1/30      AC:  6    Str: 20 (22) XL:     3   Next: 57%
Magic:  5/5        EV:  9    Int:  8 (11) God:    Lugonu [*.....]
Gold:   103        SH:  2    Dex:  8 (10) Spells: 2/2 levels left

rFire    . . .     SeeInvis +   t - -2 war axe (curse)
rCold    . . .     Gourm    .   f - +0 buckler
rNeg     . . .     Faith    .   q - +0 scale mail
rPois    .         Spirit   .   (helmet unavailable)
rElec    .         Reflect  .   (no cloak)
rCorr    .         Harm     .   (no gloves)
MR       .....                  (no boots)
Stlth    ..........             (no amulet)
HPRegen  0.10/turn              p - ring of loudness (curse)
MPRegen  0.09/turn              (no ring)

@: mighty, lethally poisoned (-1 -> -57), flying
A: permanent stasis, dig shafts and tunnels, four strong arms, antennae 3
a: Dig, Shaft Self, Depart the Abyss, Renounce Religion


You were on level 2 of the Dungeon.
You worshipped Lugonu.
Lugonu was aware of your devotion.
You were hungry.

You visited 1 branch of the dungeon, and saw 2 of its levels.
You visited the Abyss 1 time.

You collected 103 gold pieces.

Inventory:

Hand Weapons
 a - a +1 hand axe
 d - a cursed -3 short sword
 j - a cursed -1 mace
 t - a cursed -2 war axe (weapon)
Missiles
 e - 51 stones (quivered)
 l - a throwing net {!f}
 n - 6 poisoned needles
Armour
 b - a +0 leather armour
 f - a +0 buckler (worn)
 q - a +0 scale mail (worn)
Jewellery
 p - a cursed ring of loudness (left hand)
Scrolls
 g - a scroll of blinking {unknown}
 h - a scroll of identify {unknown}
 i - a scroll of magic mapping {unknown}
 k - a scroll of teleportation {unknown}
Potions
 s - a potion of lignification {unknown}
Comestibles
 c - 2 rations


   Skills:
 + Level 3.6 Fighting
 * Level 2.7 Axes
 + Level 2.6 Armour
 - Level 1.0 Dodging
 + Level 2.6 Invocations


You had 2 spell levels left.
You didn't know any spells.
Your spell library was empty.

Dungeon Overview and Level Annotations

Branches:
Dungeon (2/15)

Altars:


Innate Abilities, Weirdness & Mutations

You cannot be hasted, slowed, berserked, paralysed or teleported.
You can dig through walls and to a lower floor.
Your four strong arms can wield two-handed weapons with a shield.
You have a pair of large antennae on your head. (SInv)


Message History

You closely miss the goblin.
You feel very sick. The goblin hits you but does no damage.
It was a potion of flight.
You feel very buoyant.
You fly up into the air.
* * * LOW HITPOINT WARNING * * *
You feel very sick. The goblin hits you but does no damage.
You are more poisoned.
It was a potion of might.
You feel very mighty all of a sudden.
* * * LOW HITPOINT WARNING * * *
You feel very sick. The goblin hits you but does no damage.
You are more poisoned.
It was a potion of degeneration.
There was something very wrong with that liquid.
You feel weakened.
You feel dopey.
You feel clumsy.
You die...

.........# .#######.# .#
#.# .#######.####### ##
................ ..#
.###.###....#### .#.. .#
#.###.....## .....
.###.##.†.....####......
................@gb.....
####.##.......####.....#
####.###.....## ....#
..##.# ##...## .#.#
#.##.# ##### # # .....#
#.#### #....# ####.#


You could see a goblin and a bat.

Vanquished Creatures
  A dart slug (D:2)
  A ball python (D:1)
  A giant cockroach (D:1)
  5 goblins
  6 hobgoblins
  7 bats
  7 kobolds
  2 rats (D:1)
30 creatures vanquished.

Notes
Turn   | Place    | Note
-------+----------+-------------------------------------------
     0 | Abyss:1  | iamserjio the Formicid Abyssal Knight began the quest for the Orb.
     0 | Abyss:1  | Reached XP level 1. HP: 18/18 MP: 2/2
     9 | D:1      | Escaped the Abyss
    87 | D:1      | Reached * piety under Lugonu
    87 | D:1      | Reached skill level 1 in Dodging
   111 | D:1      | Reached XP level 2. HP: 23/24 MP: 3/3
   543 | D:1      | Reached XP level 3. HP: 20/29 MP: 4/4
  1113 | D:2      | Succumbed to a goblin's poison

Vault maps used:
D:1:      sevenhm_arrival_forest_fort_small_4

Skill      XL: |  1 |
---------------+----+-----
Dodging        | 1 |  1.0
Fighting       | |  3.6
Axes           | |  2.7
Armour         | |  2.6
Invocations    | |  2.6

Action                   || total
-------------------------++-------
Melee: Hand axe          ||    79
       War axe           ||     9
Invok: Depart the Abyss  ||     1
  Use: Potion            ||     3
Armor: Leather armour    ||    20
       Scale mail        ||    12
Dodge: Dodged            ||    54
Block: Buckler           ||    11

Table legend:
 A = Spawn XP
 B = Non-spawn XP
 C = Spawn XP percentage of total XP
 D = Spawn monster count
 E = Non-spawn monster count
 F = Spawn count percentage of total count
 G = Total turns spent on level
                    A         B        C        D         E        F      G
               +---------+---------+-------+---------+---------+-------+---------
         Total |       0 |      52 |   0.0 |       0 |      30 |   0.0 |  1113
               +---------+---------+-------+---------+---------+-------+---------
           D:1 |       0 |      36 |   0.0 |       0 |      23 |   0.0 |   851
           D:2 |       0 |      16 |   0.0 |       0 |       7 |   0.0 |   253
               +---------+---------+-------+---------+---------+-------+---------
